 Dungeon Crawl Stone Soup version 0.31-a0-240-gb923e448b6 (webtiles) character file.

Game seed: 16131664172793357878

242 qw the Shooter (level 5, -2/45 HPs)
             Began as a Minotaur Hexslinger on July 11, 2023.
             Slain by a river rat (4 damage)
             ... in a sewer.
             The game lasted 00:01:11 (3228 turns).

qw the Shooter (Minotaur Hexslinger)                Turns: 3228, Time: 00:01:12

Health: -2/45      AC:  5    Str: 12    XL:     5   Next: 82%
Magic:  5/5        EV: 11    Int: 10    God:
Gold:   277        SH:  0    Dex: 15    Spells: 5/6 levels left

rFire   . . .        Y - +1 sling
rCold   . . .        (no shield)
rNeg    . . .        d - +0 ring mail
rPois   .            (helmet restricted)
rElec   .            (no cloak)
rCorr   .            (no gloves)
SInv    .            (no boots)
Will    .....        (no amulet)
Stlth   +            (no ring)
HPRegen 0.27/turn    (no ring)
MPRegen 0.09/turn

%: no passive effects
@: no status effects
A: horns 2, retaliatory headbutt
a: no special abilities


You were in a sewer.
You visited 1 branch of the dungeon, and saw 4 of its levels.
You also visited: Sewer.

You collected 277 gold pieces.


Innate Abilities, Weirdness & Mutations

You have a pair of horns on your head.
You reflexively headbutt those who attack you in melee.


   Skills:
 + Level 3.2 Fighting
 - Level 6.0 Ranged Weapons
 - Level 1.2 Armour
 - Level 2.1 Dodging
 - Level 1.0 Spellcasting
 - Level 2.0 Hexes


You had 5 spell levels left.
You knew the following spells:

 Your Spells              Type           Power      Damage    Failure   Level
a - Slow                  Hex            16%        N/A       34%         1

Your spell library contained the following spells:

 Spells                   Type           Power      Damage    Failure   Level
 Inner Flame              Hex/Fire       2%         N/A       83%         3
 Portal Projectile        Hex/Tloc       4%         N/A       83%         3
 Cause Fear               Hex            2%         N/A       98%         4

Inventory:

Hand Weapons
 Y - a +1 sling (weapon)
Armour
 d - a +0 ring mail (worn)
Scrolls
 a - 3 scrolls of identify
 c - a scroll of teleportation {unknown}
Potions
 b - 6 potions of enlightenment
 e - a potion of haste
 g - 3 potions of curing

Dungeon Overview and Level Annotations

Branches:
Dungeon (4/15)              Sewer (1/1)
 Temple: D:4-7

Altars:
Gozag
Uskayaw


Message History

As you open the large door, it creaks loudly! 4 river rats come into view.
You hear an angry hiss.
The river rat twitches its whiskers.
You shoot a sling bullet.
The sling bullet closely misses the river rat.
The river rat barely misses you.
You shoot a sling bullet.
The sling bullet hits the river rat but does no damage.
The river rat bites you. The river rat misses you.
You shoot a sling bullet.
The sling bullet barely misses the river rat.
The river rat closely misses you. You furiously retaliate!
You headbutt the river rat. The river rat barely misses you.
You furiously retaliate!
You headbutt the river rat! The river rat bites you!
You shoot a sling bullet. The sling bullet hits the river rat.
You kill the river rat!
The river rat closely misses you. The river rat bites you.
The river rat misses you. x2; The river rat bites you!
You shoot a sling bullet.
The sling bullet closely misses the river rat.
The river rat bites you. The river rat completely misses you.
The river rat closely misses you.
You shoot a sling bullet.
The sling bullet closely misses the river rat.
The river rat barely misses you. The river rat completely misses you.
You furiously retaliate!
You headbutt the river rat, but do no damage.
The river rat barely misses you.
You shoot a sling bullet.
The sling bullet hits the river rat but does no damage.
The river rat is moderately wounded.
The river rat bites you. The river rat bites you! The river rat bites you.
You shoot a sling bullet.
The sling bullet hits the river rat but does no damage.
The river rat is moderately wounded.
The river rat closely misses you.
The river rat bites you but does no damage.
The river rat bites you.
You die...

#################################
~~~~.~~~%.~~~~~~~~~~..~.~~~~~~.%~
~~~~~~~~~~~~~~~~~~~~~~~~~~~~~~~~~
~~~~~..r.~~~~~~~w.~~~ww.~.~~.~~~~
#~~%#######################~~~###
#~~~# ###### ###### #~~~# #~~~#
#....# ....# #~~~#
#~~~#####''#####rr##### #.~~#
#.~~~.~........r@....\# #~~~#
#~~~~~...............\#
#~~~#####''#####++##### #~~~#
#.?!!# #.~~# ###### #~~~# #~~~~
#.~.~~


You could see 3 river rats.

Vanquished Creatures
  A hound (D:4)
  Natasha (D:2)
  3 gnolls (D:3)
  3 adders
  2 river rats
  An ufetubus (D:4)
  5 worms
  3 dart slugs (D:3)
  2 orcs (D:3)
  13 bats
  4 endoplasms
  A giant cockroach (D:4)
  10 goblins
  6 hobgoblins
  4 jackals
  6 kobolds
  4 quokkas
  12 ball pythons
  6 frilled lizards
  8 rats
95 creatures vanquished.

Notes
Turn   | Place    | Note
-------+----------+-------------------------------------------
     0 | D:1      | qw the Minotaur Hexslinger began the quest for the Orb.
     0 | D:1      | Reached XP level 1. HP: 16/16 MP: 1/1
     0 | D:1      | 0 ||| qw: Version: 0.3-a-52-g30416fa
     0 | D:1      | 0 ||| qw: Game counter: 6027
     0 | D:1      | 0 ||| qw: Melee chars always use a shield: true
     0 | D:1      | 0 ||| qw: God list: Okawaru
     0 | D:1      | 0 ||| qw: Allow faded altars: false
     0 | D:1      | 0 ||| qw: Do Orc after clearing Dungeon:15 true
     0 | D:1      | 0 ||| qw: Do second Lair branch before Depths: true
     0 | D:1      | 0 ||| qw: Lair rune preference: random
     0 | D:1      | 0 ||| qw: Goals: Normal
     0 | D:1      | 0 ||| PLANNING D:1-11
   137 | D:1      | Found a faded altar of an unknown god.
   216 | D:1      | Reached skill level 3 in Ranged Weapons
   216 | D:1      | Reached XP level 2. HP: 23/23 MP: 2/2
   501 | D:1      | 501 ||| DROPPING ring of magical power.
   502 | D:1      | 502 ||| READING 2 scrolls labelled YCZOKI POGHEG.
   503 | D:1      | 503 ||| READING scroll labelled DOVVUN ZAWOBOL.
   504 | D:1      | 504 ||| DRINKING 2 coppery potions.
   505 | D:1      | 505 ||| DRINKING 2 smoky clear potions.
   506 | D:1      | 506 ||| DROPPING scroll of poison.
   641 | D:2      | Reached XP level 3. HP: 29/29 MP: 3/3
   923 | D:2      | Reached skill level 4 in Ranged Weapons
  1510 | D:2      | Noticed Natasha
  1517 | D:2      | HP: 6/29 [Natasha/puff of flame (7)]
  1518 | D:2      | 1518 ||| DRINKING potion of heal wounds.
  1519 | D:2      | Killed Natasha
  1520 | D:2      | Reached XP level 4. HP: 22/36 MP: 4/4
  1568 | D:2      | 1568 ||| UPGRADING to +0 ring mail.
  1578 | D:2      | 1578 ||| DROPPING +0 robe.
  1579 | D:2      | 1579 ||| READING scroll labelled GIGIPO EWADENE.
  1927 | D:3      | Reached skill level 1 in Armour
  1928 | D:3      | Reached skill level 5 in Ranged Weapons
  2386 | D:3      | Reached XP level 5. HP: 43/44 MP: 5/5
  2417 | D:3      | Reached skill level 3 in Fighting
  2816 | D:3      | 2816 ||| READING scroll labelled EGOSKA TIURI.
  2817 | D:3      | 2817 ||| DRINKING 2 red potions.
  2856 | D:3      | 2856 ||| DRINKING 2 amethyst potions.
  2857 | D:3      | 2857 ||| DROPPING potion of lignification.
  2892 | D:4      | 2892 ||| PLANNING SEWER
  2892 | D:4      | Found an opulent altar of Gozag.
  2978 | D:4      | Found a hide-covered altar of Uskayaw.
  3027 | D:4      | Found a glowing drain.
  3028 | D:4      | 3028 ||| READING 4 scrolls of identify.
  3028 | D:4      | 3028 ||| IDENTIFYING silvery potion
  3041 | Sewer    | Entered a sewer
  3065 | Sewer    | 3065 ||| Stepping ~*~*~tactically~*~*~ (water).
  3129 | Sewer    | 3129 ||| Stepping ~*~*~tactically~*~*~ (water).
  3162 | Sewer    | 3162 ||| Stepping ~*~*~tactically~*~*~ (water).
  3168 | Sewer    | 3168 ||| Stepping ~*~*~tactically~*~*~ (water).
  3175 | Sewer    | Reached skill level 6 in Ranged Weapons
  3182 | Sewer    | 3182 ||| Stepping ~*~*~tactically~*~*~ (water).
  3227 | Sewer    | HP: 7/45 [river rat (7)]
  3227 | Sewer    | HP: 1/45 [river rat (6)]
  3228 | Sewer    | Slain by a river rat

Levels and vault maps discovered:
D:1:      scummos_arrival_star, layout_rooms, ebering_ecumenical_altar_rust
D:2:      layout_loops_corners, wander_ebering_terrifying_dragon_lair,
          uniq_natasha
D:3:      minmay_bubble_buster, layout_basic
D:4:      layout_basic, grunt_gozag_statues, mainiacjoe_overflow_paths,
          cheibrodos_sewer_entry_sluice, uniq_robin, uniq_sigmund
Sewer:    sewer_fruit_machine

Skill      XL: |  1  2  3  4  5 |
---------------+----------------+-----
Ranged Weapons | 3 4 5 6 |  6.0
Fighting       | 2 3 |  3.2
Armour         | 1 |  1.2
Dodging        | |  2.1
Spellcasting   | |  1.0
Hexes          | |  2.0

Action                     |  1- 3 |  4- 6 || total
---------------------------+-------+-------++-------
   Fire: Sling             |   108 |   170 ||   278
    Use: Potion            |     3 |     2 ||     5
         Scroll            |     2 |     3 ||     5
 Armour: Robe              |     6 |       ||     6
         Ring mail         |       |    34 ||    34
  Dodge: Dodged            |    29 |    87 ||   116

Table legend:
 A = Non-vault XP
 B = Vault XP
 C = Vault XP percentage of total XP
 D = Non-vault monster count
 E = Vault monster count
 F = Vault count percentage of total count
                 A         B        C        D         E       F
            +---------+---------+-------+---------+---------+-------
      Total |     226 |     121 |  34.9 |      58 |      37 |  38.9
            +---------+---------+-------+---------+---------+-------
        D:1 |      27 |       0 |   0.0 |      17 |       0 |   0.0
        D:2 |      61 |      36 |  37.1 |      17 |       2 |  10.5
        D:3 |      86 |      29 |  25.2 |      19 |      16 |  45.7
        D:4 |      52 |      20 |  27.8 |       5 |       3 |  37.5
      Sewer |       0 |      36 | 100.0 |       0 |      16 | 100.0
            +---------+---------+-------+---------+---------+-------
